 Dungeon Crawl Stone Soup version 0.30-a0-802-gb92711bcdf (webtiles) character file.

Game seed: 1861125220409094553

2286225 browni3141 the Cloud Mage (level 27, 211/211 HPs)
             Began as an Octopode Artificer on Feb 22, 2023.
             Was the Champion of Ashenzari.
             Escaped with the Orb
             ... and 4 runes on Feb 24, 2023!
             The game lasted 03:11:31 (74357 turns).

browni3141 the Cloud Mage (Octopode Artificer)     Turns: 74357, Time: 03:11:31

Health: 211/211    AC: 22    Str: 17 (18) XL:     27
Magic:  58/58      EV: 46    Int: 30      God:    Ashenzari [******]
Gold:   4223       SH:  0    Dex: 21      Spells: 13/71 levels left

rFire   + + .      SeeInvis +      - Unarmed
rCold   + . .      Faith    .    (shield currently unavailable)
rNeg    + + +      Spirit   .    (helmet currently unavailable)
rPois   ∞          Reflect  .    u - amulet of the Shackled Seer {Regen+, Cun, Evo} (curse)
rElec   +          Harm     .    q - ring of Ashenzari's Mysticism {Will+, Melee, Elem} (curse)
rCorr   +          Rampage  .    p - ring of the Shackled Ether {Dex+6, Comp, Melee} (curse)
Will    ++++.      Clarity  +    F - ring "Share My Doubts" {rElec rC+ Int+6, Alch, Bglg} (curse)
Stlth   +++                      i - ring of the Omniscient Secrets {rF+ MP+9, Evo, Cun} (curse)
HPRegen 1.35/turn                G - ring of Ashenzari's Pleiades {rF+ rN+ Will+, Evo, Cun} (curse)
MPRegen 0.36/turn                x - ring "Restrained Oracle" {rN+ rCorr, Bglg, Comp} (curse)
                                 V - ring "Profound Augurer" {Int+6, Cun, Alch} (curse)
                                 Q - ring "Omission of Ashenzari" {rN+, Melee, Self} (curse)

@: storm-form, flying, studying 3 skills
A: cleaving, insubstantial, flying, almost no armour, amphibious, 8 rings,
(camouflage 1), (gelatinous body 1), (nimble swimmer 1), (tentacles), (tentacle
spike 1), berserk 1, deterioration 1, dopey 1, strong 1, wild magic 1
0: Orb of Zot
}: 4/15 runes: barnacled, slimy, silver, gossamer
a: Blinkbolt, End Transformation, Renounce Religion, Shatter the Chains


You escaped.
You worshipped Ashenzari.
Ashenzari was exalted by your worship.
You were a lightning-filled tempest!
You visited 12 branches of the dungeon, and saw 54 of its levels.
You also visited: Ice Cave.

You collected 11193 gold pieces.
You spent 6970 gold pieces at shops.

Inventory:

Hand Weapons
 m - the cursed +4 dagger of the Fated Scepticism (melded) {Range, Melee}
   (You took it off a goblin on level 2 of the Dungeon)

   It has a curse which improves the following skills: Ranged Combat: Ranged
   Weapons and Throwing.
   Melee Combat: Short Blades, Long Blades, Axes, Maces & Flails, Polearms,
   Staves and Unarmed Combat.
Missiles
 E - 7 throwing nets
Armour
 h - the cursed +2 hat of Ashenzari's Comet (melded) {Cun, Self}
   (You found it on level 5 of the Pits of Slime)

   It has a curse which improves the following skills: Cunning: Dodging and
   Stealth.
   Introspection: Fighting and Spellcasting.
 s - a +0 kite shield of reflection
 S - the cursed +0 buckler of the Manifest Orthodoxy (melded) {Elem, Comp}
   (You found it on level 5 of the Lair of Beasts)

   It has a curse which improves the following skills: Elements: Fire Magic, Ice
   Magic, Air Magic and Earth Magic.
   Companions: Summonings and Necromancy.
Jewellery
 i - the cursed ring of the Omniscient Secrets (on tentacle) {rF+ MP+9, Evo, Cun}
   (You found it on level 5 of the Pits of Slime)

   [ring of protection from fire]

   rF:        It protects you from fire.
   MP:        It affects your magic capacity (+9).
   It has a curse which improves the following skills: Evocations: Evocations.
   Cunning:   Dodging and Stealth.
 p - the cursed ring of the Shackled Ether (right tentacle) {Dex+6, Comp, Melee}
   (You bought it in a shop on level 7 of the Dungeon)

   [ring of dexterity]

   Dex:       It affects your dexterity (+6).
   It has a curse which improves the following skills: Companions: Summonings
   and Necromancy.
   Melee Combat: Short Blades, Long Blades, Axes, Maces & Flails, Polearms,
   Staves and Unarmed Combat.
 q - the cursed ring of Ashenzari's Mysticism (left tentacle) {Will+, Melee, Elem}
   (You found it on level 3 of the Dungeon)

   [ring of willpower]

   Will:      It increases your willpower.
   It has a curse which improves the following skills: Melee Combat: Short
   Blades, Long Blades, Axes, Maces & Flails, Polearms, Staves and Unarmed
   Combat.
   Elements:  Fire Magic, Ice Magic, Air Magic and Earth Magic.
 u - the cursed amulet of the Shackled Seer (around neck) {Regen+, Cun, Evo}
   (You found it on level 4 of the Dungeon)

   [amulet of regeneration]

   Regen:     It increases your rate of health regeneration.
   It has a curse which improves the following skills: Cunning: Dodging and
   Stealth.
   Evocations: Evocations.
 x - the cursed ring "Restrained Oracle" (on tentacle) {rN+ rCorr, Bglg, Comp}
   (You took it off a deep elf master archer on level 3 of the Elven Halls)

   [ring of resist corrosion]

   rN:        It protects you from negative energy.
   rCorr:     It protects you from acid and corrosion.
   It has a curse which improves the following skills: Beguiling: Conjurations,
   Hexes and Translocations.
   Companions: Summonings and Necromancy.
 F - the cursed ring "Share My Doubts" (on tentacle) {rElec rC+ Int+6, Alch, Bglg}
   (You took it off a deep elf annihilator on level 3 of the Elven Halls)

   [ring of intelligence]

   Int:       It affects your intelligence (+6).
   rC:        It protects you from cold.
   rElec:     It insulates you from electricity.
   It has a curse which improves the following skills: Alchemy: Poison Magic and
   Transmutations.
   Beguiling: Conjurations, Hexes and Translocations.
 G - the cursed ring of Ashenzari's Pleiades (on tentacle) {rF+ rN+ Will+, Evo, Cun}
   (You found it on level 3 of the Realm of Zot)

   [ring of positive energy]

   rF:        It protects you from fire.
   rN:        It protects you from negative energy.
   Will:      It increases your willpower.
   It has a curse which improves the following skills: Evocations: Evocations.
   Cunning:   Dodging and Stealth.
 Q - the cursed ring "Omission of Ashenzari" (on tentacle) {rN+, Melee, Self}
   (You found it on level 2 of the Lair of Beasts)

   [ring of positive energy]

   rN:        It protects you from negative energy.
   It has a curse which improves the following skills: Melee Combat: Short
   Blades, Long Blades, Axes, Maces & Flails, Polearms, Staves and Unarmed
   Combat.
   Introspection: Fighting and Spellcasting.
 V - the cursed ring "Profound Augurer" (on tentacle) {Int+6, Cun, Alch}
   (You bought it in a shop on level 2 of the Orcish Mines)

   [ring of intelligence]

   Int:       It affects your intelligence (+6).
   It has a curse which improves the following skills: Cunning: Dodging and
   Stealth.
   Alchemy:   Poison Magic and Transmutations.
 Y - the ring of Xecvi {+Blink Fly rPois rC+++ Int-5}
   (You found it on level 5 of the Pits of Slime)

   [ring of flight]

   Int:       It affects your intelligence (-5).
   rC:        It renders you almost immune to cold.
   rPois:     It protects you from poison.
   Fly:       It grants you flight.
   +Blink:    It lets you blink.
Wands
 a - a wand of mindburst (47)
 d - a wand of iceblast (33)
 e - a wand of digging (10)
 K - a wand of flame (117)
 O - a wand of paralysis (25)
 P - a wand of quicksilver (26)
 W - a wand of polymorph (19)
Scrolls
 f - 3 scrolls of summoning
 g - 6 scrolls of magic mapping
 n - a scroll of blinking
 v - 25 scrolls of teleportation
 z - 6 scrolls of fog
 A - 2 scrolls of brand weapon
 I - 9 scrolls of poison
 N - 15 scrolls of fear
 T - 15 scrolls of immolation
 U - 7 scrolls of vulnerability
 Z - 3 scrolls of silence
Potions
 c - a potion of invisibility
 j - 13 potions of haste
 k - 7 potions of cancellation
 l - 9 potions of heal wounds
 o - 14 potions of flight
 t - 34 potions of curing
 y - 4 potions of attraction
 B - 24 potions of ambrosia
 C - 6 potions of brilliance
 D - 7 potions of magic
 H - 3 potions of resistance
 M - 14 potions of lignification
 R - 3 potions of berserk rage
Miscellaneous
 b - a tin of tremorstones (2/2)
 r - a phantom mirror
 w - a condenser vane
 J - the horn of Geryon
 L - a phial of floods
 X - a box of beasts


   Skills:
 + Level 21.0(23.3) Fighting
 - Level 21.2(27) Dodging
 - Level 9.9(16.0) Stealth
 * Level 17.8(22.7) Unarmed Combat
 - Level 20.2(22.5) Spellcasting
 - Level 3.0(6.2) Conjurations
 - Level 2.1(5.0) Translocations
 * Level 19.8(23.4) Transmutations
 - Level 8.8(11.5) Ice Magic
 * Level 23.8(26.0) Air Magic
 - Level 12.0(15.9) Poison Magic
 + Level 13.0(18.1) Evocations


You had 13 spell levels left.
You knew the following spells:

 Your Spells              Type           Power      Damage    Failure   Level
a - Poisonous Vapours     Pois/Air       100%       N/A       1%          2
b - Mephitic Cloud        Conj/Pois/Air  100%       N/A       1%          3
c - Cigotuvi's Dreadful   Necr/Pois/Air  100%       N/A       1%          2
d - Hailstorm             Conj/Ice       85%        3d17      1%          3
e - Ice Form              Ice/Tmut       100%       N/A       1%          4
f - Summon Lightning Spi  Summ/Air       99%        N/A       1%          4
g - Eringya's Noxious Bo  Tmut/Pois      57%        N/A       1%          6
h - Ignite Poison         Fire/Tmut/Pois 98%        N/A       1%          3
i - Storm Form            Tmut/Air       63%        N/A       1%          7
j - Apportation           Tloc           100%       N/A       1%          1
k - Maxwell's Capacitive  Air            64%        ∞         1%          8
l - Alistair's Intoxicat  Tmut/Pois      76%        N/A       1%          5
m - Airstrike             Air            64%        2d(10-26) 1%          4
n - Vhi's Electric Charg  Tloc/Air       100%       N/A       1%          3
o - Swiftness             Air            100%       N/A       1%          3

Your spell library contained the following spells:

 Spells                   Type           Power      Damage    Failure   Level
 Foxfire                  Conj/Fire      100%       2x1d9     1%          1
 Freeze                   Ice            100%       1d10      1%          1
 Kiss of Death            Conj/Necr      100%       2d13      1%          1
 Magic Dart               Conj           100%       1d8       1%          1
 Necrotise                Necr           100%       1d9       1%          1
 Sandblast                Erth           92%        2d19      1%          1
 Shock                    Conj/Air       100%       1d9       1%          1
 Slow                     Hex            100%       N/A       1%          1
 Summon Small Mammal      Summ           100%       N/A       1%          1
 Ensorcelled Hibernation  Hex/Ice        100%       N/A       1%          2
 Lesser Beckoning         Tloc           100%       N/A       1%          2
 Passwall                 Tmut/Erth      79%        N/A       1%          2
 Searing Ray              Conj           100%       2d8       1%          2
 Dazzling Flash           Conj/Hex       100%       N/A       1%          3
 Gell's Gravitas          Tloc           70%        N/A       1%          3
 Kindle Blastsparks       Fire/Tloc/Air  100%       2d18      1%          3
 Ozocubu's Armour         Ice            93%        N/A       1%          3
 Portal Projectile        Hex/Tloc       100%       N/A       1%          3
 Stone Arrow              Conj/Erth      100%       3d13      1%          3
 Teleport Other           Tloc           70%        N/A       1%          3
 Olgreb's Toxic Radiance  Pois           100%       N/A       1%          4
 Petrify                  Tmut/Erth      95%        N/A       1%          4
 Summon Ice Beast         Ice/Summ       74%        N/A       1%          4
 Arcjolt                  Conj/Air       53%        1d63      1%          5
 Blade Hands              Tmut           61%        N/A       1%          5
 Freezing Cloud           Conj/Ice/Air   51%        6-21      1%          5
 Silence                  Hex/Air        49%        N/A       1%          5
 Yara's Violent Unravell  Hex/Tmut       47%        3d18      1%          5
 Conjure Ball Lightning   Conj/Air       53%        3x3d18    1%          6
 Scorch                   Fire           92%        2d9       2%          2
 Sublimation of Blood     Necr           48%        N/A       2%          2
 Passage of Golubria      Tloc           70%        N/A       2%          4
 Statue Form              Tmut/Erth      63%        N/A       2%          6
 Iskenderun's Battlesphe  Conj           75%        2d12      3%          5
 Call Canine Familiar     Summ           48%        N/A       4%          3
 Confusing Touch          Hex            48%        N/A       4%          3
 Summon Guardian Golem    Hex/Summ       48%        N/A       4%          3
 Tukima's Dance           Hex            48%        N/A       4%          3
 Vampiric Draining        Necr           48%        2d9       4%          3
 Flame Wave               Conj/Fire      62%        2d14      4%          4
 Fulminant Prism          Conj/Hex       31%        3d15      4%          4
 Sticky Flame             Conj/Fire      62%        2d8       4%          4
 Metabolic Englaciation   Hex/Ice        37%        N/A       4%          5
 Fireball                 Conj/Fire      31%        3d13      11%         5
 Ozocubu's Refrigeration  Ice            46%        4d17      11%         7
 Anguish                  Hex/Necr       24%        N/A       12%         4
 Animate Dead             Necr           48%        N/A       12%         4
 Dispel Undead            Necr           48%        3d18      12%         4
 Leda's Liquefaction      Hex/Erth       23%        N/A       12%         4
 Summon Forest            Summ/Tloc      30%        N/A       13%         5
 Simulacrum               Ice/Necr       37%        N/A       17%         6
 Agony                    Necr           48%        N/A       30%         5
 Summon Mana Viper        Hex/Summ       48%        N/A       30%         5
 Lee's Rapid Deconstruct  Erth           23%        3d13*     32%         5
 Iron Shot                Conj/Erth      31%        9d6       45%         6
 Starburst                Conj/Fire      31%        6d9       45%         6
 Necromutation            Tmut/Necr      47%        N/A       52%         8
 Orb of Destruction       Conj           37%        9d11      63%         7
 Death Channel            Necr           24%        N/A       82%         6
 Summon Cactus Giant      Summ           24%        N/A       82%         6
 Chain Lightning          Conj/Air       53%        3d70      85%         9
 Spellforged Servitor     Conj/Summ      31%        N/A       94%         7
 Enfeeble                 Hex            24%        N/A       100%        7
 Haunt                    Necr/Summ      24%        N/A       100%        7
 Monstrous Menagerie      Summ           24%        N/A       100%        7
 Summon Hydra             Summ           24%        N/A       100%        7
 Ignition                 Fire           23%        3d8       100%        8
 Infestation              Necr           24%        N/A       100%        8
 Lehudib's Crystal Spear  Conj/Erth      31%        10d8      100%        8
 Fire Storm               Conj/Fire      31%        8d8       100%        9
 Polar Vortex             Ice            46%        N/A       100%        9


Dungeon Overview and Level Annotations

Branches:
Dungeon (15/15)            Temple (1/1) D:7            Lair (5/5) D:9
 Shoals (4/4) Lair:2       Spider (4/4) Lair:2        Slime (5/5) Lair:5
    Orc (2/2) D:10            Elf (3/3) Orc:2        Vaults (5/5) D:13
  Crypt (0/3) Vaults:3     Depths (4/4) D:15           Hell (visited)
    Dis (0/7) Hell            Geh (0/7) Hell            Coc (0/7) Hell
    Tar (0/7) Hell            Zot (5/5) Depths:4      IceCv (visited)

Altars:
Ashenzari
Cheibriados
Dithmenos
Elyvilon
Fedhas
Gozag
Hepliaklqana
Kikubaaqudgha
Makhleb
Nemelex Xobeh
Okawaru
Qazlal
Ru
Sif Muna
Trog
Uskayaw
Vehumet
Wu Jian
Xom
Yredelemnul
Zin
The Shining One
Jiyva

Shops:
D:7 =   D:8 (   D:12 :   Orc:2 (*(=   Elf:1 !   Elf:2 [*![   Elf:3 *
Shoals:1 [*   Vaults:2 *   Vaults:3 ?   Vaults:4 :   Depths:2 **[

Portals:
Hell: Depths:1 Depths:2 Depths:3 Depths:4
Abyss: Depths:1 Depths:3
Pandemonium: Depths:2
Ziggurat: Depths:4

Annotations:
Depths:3 1 runed translucent door, Qavia's ghost, adept DsFi


Innate Abilities, Weirdness & Mutations

You are a lightning-filled tempest!
Your electrical attacks strike out in all directions at once.
You are incredibly evasive.
Your insubstantial body is immune to petrification, constriction, and being set on fire You are flying.
You are immune to poison.
Your armour is entirely melded.
You are incapable of wielding weapons or throwing items.
You cannot wear most types of armour.
You are amphibious.
You can wear up to eight rings at the same time.
((Your skin changes colour to match your surroundings (Stealth+).))
((Your rubbery body absorbs attacks. (AC +1, EV +1)))
((You are camouflaged when in or above water. (Stealth+)))
((You have tentacles for arms and can constrict up to eight enemies at once.))
((One of your tentacles bears a spike.))
You sometimes lose your temper in combat.
Your body sometimes deteriorates upon taking damage.
You are dopey. (Int -2)
Your muscles are strong. (Str +4, Int/Dex -1)
Your spells are a little harder to cast, but a little more powerful.


Message History

There is an open door here.
There is an open door here.
Your transformation has ended.
The cursed +4 dagger of the Fated Scepticism {Range, Melee} unmelds from your body.
The cursed +2 hat of Ashenzari's Comet {Cun, Self} unmelds from your body.
The cursed +0 buckler of the Manifest Orthodoxy {Elem, Comp} unmelds from your body.
There is a stone staircase leading up here.
You climb upwards.
There is a stone staircase leading down here.
There is a stone staircase leading up, spattered with blood here.
You climb upwards.
There is a stone staircase leading down here.
There is a stone staircase leading up here.
You climb upwards.
There is a stone staircase leading down here.
You sense a monster nearby.
An Executioner comes into view.
There is a stone staircase leading up here.
You climb upwards.
There is a stone staircase leading down here.
You turn into a lightning-filled tempest!
The cursed +4 dagger of the Fated Scepticism {Range, Melee} melds into your body.
The cursed +2 hat of Ashenzari's Comet {Cun, Self} melds into your body.
The cursed +0 buckler of the Manifest Orthodoxy {Elem, Comp} melds into your body.
The Executioner misses you.
The Executioner hits you but does no damage.
The Executioner hits you. The Executioner closely misses you.
The Executioner completely misses you. x2
You blast the Executioner!!!!
You kill the Executioner!
No target in view!
No target in view!
You see here a +0 dagger.
HP restored.
There is an open gate here.
There is an open door here.
Magic restored.
There is an open door here.
There is a staircase leading out of the dungeon here.
You have escaped!

.....[...#.########.##..........#
.........#..........##....>.....#
####.....#..#'''#♣.♣#....[......#
# #.....(#.~#...#♣8♣#..#.##.#####
##.#....#.~#.♣.#♣♣♣#..#......#
##.......#8~#...# ##.....)..#
.........#####'#### #..#.....#
##.#......##...#..# ##.########
#.#......####.'v(###......######
##.........#########............#
....#.......########.......######
#..###.....................# ..##
##########............# ..#
##...........# ..# ##..........#
..# #..........# ..# #....#######


There were no monsters in sight!

Vanquished Creatures
  the Royal Jelly (Slime:5)
  Dissolution (Slime:3)
  5 dread liches
  8 orbs of fire
  6 ancient liches
  2 juggernauts
  Vv (Depths:3)
  A pandemonium lord (D:13)
  4 Killer Klowns
  A caustic shrike (Depths:3)
  18 golden dragons
  Geryon (Hell)
  3 curse toes
  Nikola (Elf:2)
  A Brimstone Fiend (Zot:5)
  A Tzitzimitl (Zot:5)
  A bone dragon (Zot:2)
  6 electric golems
  3 hellephants
  Jorgrun (Shoals:1)
  An Ice Fiend (D:13)
  28 tentacled monstrosities
  A Hell Sentinel (D:10)
  28 Orb Guardians
  A walking crystal tome (Depths:3)
  7 liches
  6 titans
  A walking frostbound tome (Depths:3)
  2 walking divine tomes (Depths:3)
  17 acid blobs
  12 quicksilver dragons
  2 deep elf blademasters (Elf:3)
  2 deep elf master archers (Elf:3)
  7 sphinxes
  A kraken (Shoals:2)
  Frances (Shoals:2)
  Polyphemus (Shoals:2)
  An Executioner (D:1)
  13 death cobs
  Donald (Spider:4)
  10 tengu reavers
  17 storm dragons
  10 azure jellies
  18 shadow dragons
  4 iron dragons
  4 emperor scorpions
  Roxanne (D:14)
  6 draconian knights
  6 deep elf sorcerers
  4 rockslimes
  9 frost giants
  19 draconian monks
  11 draconian scorchers
  10 fire giants
  Louise (Shoals:2)
  19 vault wardens
  11 ghost moths
  9 reapers
  A juggernaut zombie (Depths:2)
  An angel (D:15)
  18 ironbound preservers
  A balrug (D:13)
  8 draconian shifters
  Aizul (Shoals:2)
  2 spriggan defenders (Depths:1)
  2 cacodemons (Hell)
  4 deep elf elementalists (Elf:3)
  8 draconian stormcallers
  3 orc warlords
  9 stone giants
  A demonspawn blood saint (D:10)
  10 draconian annihilators
  6 quicksilver oozes
  24 very ugly things
  4 war gargoyles
  A juggernaut skeleton (Depths:3)
  4 deep elf demonologists
  A demonspawn corrupter (D:10)
  2 ironbound thunderhulks
  14 green draconians
  20 black draconians
  Nessos (Lair:4)
  A vampire knight (Depths:2)
  9 deep elf annihilators (Elf:3)
  18 purple draconians
  A minotaur (D:13)
  17 red draconians
  A wendigo (Hell)
  20 white draconians
  11 spark wasps
  12 yellow draconians
  16 dire elephants
  14 deep elf death magi
  A crystal guardian (Vaults:4)
  A merfolk javelineer (Shoals:4)
  15 fire dragons
  10 ettins
  A green death (Hell)
  11 merfolk impalers
  37 vault guards
  11 yaktaur captains
  An entropy weaver (Vaults:4)
  3 deep elf high priests
  The ghost of Firecrotchwizard the Fighter, a journeyman DrCj of Vehumet (D:11)
  4 jiangshi
  2 peacekeepers (Vaults:4)
  11 great orbs of eyes
  3 spriggan air magi (Depths:1)
  A catoblepas (Shoals:2)
  6 ogre magi
  11 ironbound frosthearts
  3 rakshasas
  2 merfolk avatars
  A hell beast (Depths:1)
  A salamander tyrant (Depths:2)
  An anaconda (shapeshifter) (Vaults:5)
  The ghost of Heug the Geomancer, a journeyman GrEE of Hepliaklqana (D:13)
  Erica (D:11)
  4 hydras
  A radroach (Spider:3)
  A jorogumo (Spider:1)
  A spriggan skeleton (Hell)
  15 two-headed ogres
  9 ice dragons
  26 centaur warriors
  5 boulder beetles
  3 merfolk aquamancers (Shoals:4)
  23 dancing weapons
  3 alligator snapping turtles
  An alligator (Shoals:3)
  3 vampire magi
  4 death yaks (Shoals:2)
  An orc high priest (Elf:2)
  8 hell hogs
  7 satyrs
  6 spriggan berserkers
  4 deep troll earth magi
  3 deep troll shamans (Depths:4)
  9 tengu warriors
  6 sun demons (Hell)
  A skyshark (shapeshifter) (Vaults:1)
  15 hell knights
  Sonja (Lair:3)
  A storm dragon zombie (Depths:2)
  21 deep elf knights
  A titan skeleton (Vaults:3)
  9 skysharks
  6 spriggans
  A salamander mystic (Depths:2)
  Amaemon (D:8)
  2 sun moths
  A death drake (Depths:4)
  Nergalle (Lair:2)
  6 pharaoh ants
  A shadow wraith (Vaults:5)
  3 iron trolls
  3 storm dragon skeletons
  8 glowing orange brains
  2 sixfirhies (Depths:2)
  2 golden dragon zombies (Hell)
  A goliath frog (Shoals:3)
  12 skeletal warriors
  14 sea snakes
  4 flayed ghosts
  A death drake (shapeshifter) (Vaults:5)
  A tengu zombie (Depths:2)
  An obsidian statue (Zot:5)
  45 deep trolls
  11 orb spiders
  A steelbarb worm (shapeshifter) (Vaults:5)
  19 ironbound convokers
  7 deep elf archers
  A lindwurm (shapeshifter) (Elf:1)
  7 wizards
  2 orange crystal statues
  A wolf spider zombie (D:11)
  A shadow demon (D:10)
  27 deep elf zephyrmancers
  12 orc knights
  5 phantasmal warriors
  17 lindwurms
  2 shadow dragon zombies (Hell)
  15 harpies
  An orc sorcerer (Orc:1)
  A cyclops (shapeshifter) (Depths:4)
  8 steelbarb worms
  7 salamanders (Depths:2)
  A fire giant zombie (Depths:3)
  5 stone giant zombies
  2 tengu skeletons (Vaults:3)
  2 sphinx zombies
  9 necromancers
  37 deep elf pyromancers
  19 wolf spiders
  A sphinx skeleton (Depths:2)
  A salamander (shapeshifter) (Elf:3)
  28 moths of wrath
  An elephant (shapeshifter) (Vaults:5)
  7 shining eyes
  12 cyclopes
  31 ugly things
  10 merfolk sirens
  A frost giant zombie (Hell)
  A centaur zombie (D:11)
  A manticore (shapeshifter) (Depths:2)
  16 fauns
  14 vault sentinels
  13 elephants
  10 manticores
  2 guardian serpents (Depths:2)
  2 frost giant skeletons
  5 black mambas (Lair:5)
  9 water nymphs
  5 demonic crawlers
  3 smoke demons
  An ice statue (IceCv)
  2 molten gargoyles (Lair:5)
  3 elf skeletons (Vaults:3)
  2 torpor snails
  7 eyes of devastation
  2 unseen horrors
  7 cane toads
  A storm dragon simulacrum (Hell)
  A kobold demonologist (D:11)
  2 centaur skeletons (D:11)
  4 orange demons
  Psyche (D:8)
  14 komodo dragons
  A freezing wraith (Vaults:5)
  2 hellions
  32 yaktaurs
  An anaconda simulacrum (Hell)
  6 tengu conjurers
  7 ice devils
  5 human skeletons
  9 trolls
  10 meliai
  26 merfolk
  2 queen bees
  3 polar bears
  A red devil (Hell)
  A tengu simulacrum (Vaults:4)
  A troll (shapeshifter) (Zot:2)
  4 hellwings
  A harpy skeleton (Hell)
  4 wind drakes
  17 tarantellas
  8 dream sheep
  17 snapping turtles
  15 blink frogs
  11 hornets
  A fire giant simulacrum (Depths:2)
  3 spriggan zombies (Hell)
  127 slime creatures
  2 snapping turtles (shapeshifter)
  20 jumping spiders
  A jumping spider (shapeshifter) (Elf:2)
  A centaur simulacrum (Hell)
  2 shadows
  An air elemental (Elf:3)
  A ynoxinul (Depths:2)
  18 culicivoras
  A spriggan (shapeshifter) (Zot:2)
  A deep troll skeleton (Vaults:3)
  5 wraiths
  8 water elementals
  A vampire (D:13)
  7 wyverns
  7 humans (D:13)
  3 dire elephant simulacra (IceCv)
  9 basilisks
  64 yaks
  16 golden eyes
  5 fire elementals
  Grum (D:8)
  2 steam dragons
  A death yak simulacrum (IceCv)
  46 redbacks
  9 vampire mosquitoes
  4 acid dragons
  3 harpy simulacra
  The ghost of JumpingJurisdiction the Ducker, an amateur DjFE (D:5)
  3 wargs
  A human zombie (Vaults:4)
  17 water moccasins
  A glowing shapeshifter zombie (Hell)
  3 hell hounds (Lair:5)
  A floating eye (Slime:5)
  28 orc warriors
  A sky beast (D:8)
  2 ice beasts
  A glowing shapeshifter skeleton (Vaults:3)
  A hornet zombie (D:11)
  17 wolves
  23 ogres
  12 centaurs
  A phantom (D:4)
  A kobold brigand (D:8)
  8 bullfrogs
  An earth elemental (Elf:1)
  A demonspawn simulacrum (Hell)
  3 cane toad simulacra (IceCv)
  9 wights (D:8)
  An elephant simulacrum (IceCv)
  50 killer bees
  A howler monkey (shapeshifter) (Vaults:5)
  9 howler monkeys
  A crimson imp (D:8)
  4 lava snakes (Lair:5)
  A hound (shapeshifter) (Depths:3)
  A hound (D:6)
  16 orc priests
  A jelly (D:5)
  A boggart zombie (D:11)
  2 iguanas
  Natasha (thrice) (D:2)
  15 orc wizards
  A polar bear simulacrum (IceCv)
  A lightning spire (Zot:3)
  8 troll simulacra (IceCv)
  5 spriggan simulacra (IceCv)
  5 wolf simulacra (IceCv)
  Robin (D:2)
  9 gnolls
  A gnoll (shapeshifter) (D:11)
  11 adders
  4 naga simulacra
  6 shadow imps
  13 white imps
  7 ufetubi
  3 worms (D:3)
  5 dart slugs
  77 orcs
  7 bats
  11 endoplasms
  5 giant cockroaches
  11 goblins
  4 hobgoblins
  6 jackals (D:1)
  3 quokkas
  11 ball pythons
  A frilled lizard (D:2)
  9 kobolds
  8 rats
  14 butterflies (Vaults:2)
  5 fire vortices (Hell)
  2 plants (Shoals:1)
  3 tentacles (Shoals:2)
2575 creatures vanquished.

Vanquished Creatures (collateral kills)
  A dread lich (Zot:5)
  A tentacled monstrosity (Zot:5)
  2 acid blobs (Slime:5)
  A rockslime (Slime:5)
  A deep elf annihilator (Elf:3)
  A centaur warrior (D:9)
  A black mamba (Lair:5)
  A molten gargoyle (Lair:5)
  3 blink frogs (Lair:3)
  A steam dragon (Lair:5)
  A kobold brigand (D:9)
  A wight (D:8)
  2 killer bees (D:12)
  2 orc priests
  An orc wizard (D:3)
  2 gnolls (D:7)
  3 orcs
  A goblin (D:2)
  A hobgoblin (D:2)
27 creatures vanquished.

Vanquished Creatures (others)
  An orb of fire (Zot:2)
  A curse toe (Zot:2)
  2 draconian annihilators (Zot:2)
  2 very ugly things (Vaults:1)
  A red draconian (Zot:2)
  A purple draconian (Zot:2)
  2 deep elf pyromancers (Elf:2)
  A deep elf zephyrmancer (Elf:2)
  A demonic crawler (Spider:1)
  A smoke demon (Hell)
  Maggie (D:8)
  A water elemental (Elf:1)
  A human (D:13)
  A water moccasin (D:8)
  An orc warrior (Vaults:5)
  An orc priest (Vaults:5)
  A jelly (D:6)
  4 goblins (D:2)
  A creeping inferno (Hell)
  39 fungi
  215 plants
  4 tentacles (Shoals:2)
  9 withered plants
292 creatures vanquished.

Grand Total: 2894 creatures vanquished

Notes
Turn   | Place    | Note
-------+----------+-------------------------------------------
     0 | D:1      | browni3141 the Octopode Artificer began the quest for the
                  | Orb.
     0 | D:1      | Reached XP level 1. HP: 13/13 MP: 1/1
    80 | D:1      | Reached XP level 2. HP: 9/18 MP: 2/2
   402 | D:1      | Reached XP level 3. HP: 23/23 MP: 3/3
   646 | D:2      | Reached skill level 1 in Unarmed Combat
   814 | D:2      | Reached XP level 4. HP: 16/28 MP: 4/4
   867 | D:2      | Found a faded altar of an unknown god.
   907 | D:2      | Noticed Natasha
   912 | D:2      | Learned a level 2 spell: Poisonous Vapours
  1115 | D:2      | Noticed Robin
  1145 | D:2      | Killed Robin
  1146 | D:2      | Reached skill level 1 in Poison Magic
  1495 | D:2      | Killed Natasha
  1496 | D:2      | Reached skill level 5 in Evocations
  1496 | D:2      | Reached XP level 5. HP: 21/33 MP: 5/5
  1589 | D:2      | Found a faded altar of an unknown god.
  1761 | D:2      | Noticed Natasha
  1776 | D:2      | Killed Natasha
  2101 | D:2      | Found a faded altar of an unknown god.
  2178 | D:2      | Noticed Natasha
  2183 | D:2      | Killed Natasha
  2764 | D:3      | Reached XP level 6. HP: 29/38 MP: 6/6
  3578 | D:4      | Reached XP level 7. HP: 3/43 MP: 7/7
  3849 | D:4      | Found a broken altar of Ashenzari.
  4188 | D:4      | Became a worshipper of Ashenzari the Shackled
  4197 | D:5      | Entered Level 5 of the Dungeon
  4262 | D:5      | Learned a level 3 spell: Mephitic Cloud
  4310 | D:5      | Reached skill level 5 in Poison Magic
  4646 | D:5      | Found a hide-covered altar of Uskayaw.
  4780 | D:5      | Reached skill level 1 in Conjurations
  4780 | D:5      | Reached skill level 1 in Air Magic
  4784 | D:5      | Reached skill level 1 in Spellcasting
  4938 | D:5      | Found a runed translucent gate.
  4940 | D:5      | Found a runed translucent gate.
  5016 | D:5      | Found a runed translucent gate.
  5017 | D:5      | Noticed JumpingJurisdiction's ghost (amateur DjFE)
  5465 | D:6      | Found a faded altar of an unknown god.
  5467 | D:6      | Found a hazy altar of Hepliaklqana.
  5467 | D:6      | Found a faded altar of an unknown god.
  5480 | D:6      | Reached * piety under Ashenzari
  5480 | D:6      | Identified a scroll of acquirement
  5555 | D:6      | Reached skill level 2 in Air Magic
  5994 | D:6      | Reached XP level 8. HP: 9/48 MP: 9/11
  6195 | D:5      | Learned a level 2 spell: Cigotuvi's Dreadful Rot
  6527 | D:7      | Reached skill level 1 in Ice Magic
  6598 | D:7      | Learned a level 3 spell: Hailstorm
  6617 | D:7      | Found a staircase to the Ecumenical Temple.
  6738 | Temple   | Entered the Ecumenical Temple
  7510 | D:7      | Found a basalt altar of Yredelemnul.
  7732 | D:7      | Found Hiffevale's Jewellery Boutique.
  7746 | D:7      | Bought a ring of poison resistance for 220 gold pieces
  7814 | D:7      | Reached ** piety under Ashenzari
  8176 | D:6      | Found a faded altar of an unknown god.
  8181 | D:6      | Found a faded altar of an unknown god.
  8181 | D:6      | Found a hazy altar of Hepliaklqana.
  8535 | D:5      | Found a runed translucent gate.
  8535 | D:5      | Found a runed translucent gate.
  8673 | D:5      | Found a runed translucent gate.
  8753 | D:5      | Found a hide-covered altar of Uskayaw.
  9799 | D:4      | Found a broken altar of Ashenzari.
 10212 | D:5      | Found a runed translucent gate.
 10213 | D:5      | Found a runed translucent gate.
 10214 | D:5      | Found a runed translucent gate.
 10277 | D:5      | Found a hide-covered altar of Uskayaw.
 11150 | D:6      | Found a faded altar of an unknown god.
 11155 | D:6      | Found a faded altar of an unknown god.
 11155 | D:6      | Found a hazy altar of Hepliaklqana.
 11360 | D:7      | Reached skill level 3 in Air Magic
 11457 | D:7      | Noticed a hornet
 11608 | D:7      | Reached XP level 9. HP: 52/53 MP: 6/13
 11949 | D:8      | Reached skill level 5 in Unarmed Combat
 11979 | D:8      | Reached skill level 5 in Ice Magic
 12133 | D:8      | Noticed Psyche
 12151 | D:8      | Killed Psyche
 12211 | D:8      | Noticed a two-headed ogre
 12211 | D:8      | Noticed Maggie
 12214 | D:8      | Noticed Amaemon
 12231 | D:8      | Your ally Maggie died
 12255 | D:8      | Killed Amaemon
 12360 | D:8      | Reached XP level 10. HP: 30/58 MP: 14/14
 12619 | D:8      | Found Irietex's Weapon Shop.
 12723 | D:8      | Noticed an orange demon
 12739 | D:8      | Killed an orange demon
 12911 | D:8      | Learned a level 4 spell: Ice Form
 12949 | D:8      | Noticed Grum
 12972 | D:8      | Identified the cursed +4 dagger of the Fated Scepticism
                  | {Range, Melee} (You took it off a goblin on level 2 of the
                  | Dungeon)
 13059 | D:8      | Killed a two-headed ogre
 13120 | D:8      | Killed Grum
 14326 | D:9      | Reached skill level 5 in Spellcasting
 14328 | D:9      | Noticed a centaur warrior
 14348 | D:9      | Killed a centaur warrior
 14349 | D:9      | Reached skill level 5 in Fighting
 14349 | D:9      | Reached XP level 11. HP: 39/71 MP: 6/18
 14448 | D:9      | Gained mutation: You are frail. (-10% HP) [mutagenic glow]
 14666 | D:9      | Found a staircase to the Lair.
 14670 | D:9      | Noticed a deep elf pyromancer
 14835 | D:9      | Noticed a red ugly thing
 14865 | D:9      | Killed a red ugly thing
 14971 | D:9      | Reached *** piety under Ashenzari
 15221 | D:9      | Killed a deep elf pyromancer
 15225 | D:9      | Lost mutation: You are frail. (-10% HP) [potion of
                  | mutation]
 15225 | D:9      | Gained mutation: You have hidden genetic defects. [potion
                  | of mutation]
 15225 | D:9      | Gained mutation: Your spells are a little harder to cast,
                  | but a little more powerful. [potion of mutation]
 15225 | D:9      | Lost mutation: Your spells are a little harder to cast, but
                  | a little more powerful. [potion of mutation]
 15614 | D:9      | Reached skill level 10 in Fighting
 15614 | D:9      | Reached XP level 12. HP: 89/89 MP: 19/19
 15634 | D:10     | Entered Level 10 of the Dungeon
 15679 | D:9      | Reached skill level 4 in Air Magic
 15932 | D:7      | Bought a +6 ring of intelligence for 396 gold pieces
 15933 | D:7      | Reached **** piety under Ashenzari
 16312 | D:10     | Reached skill level 1 in Transmutations
 16494 | D:10     | Found a staircase to the Orcish Mines.
 16514 | Orc:1    | Entered Level 1 of the Orcish Mines
 16534 | Orc:1    | Gained mutation: Your magical capacity is low. (-10% MP)
                  | [hidden defects]
 16849 | D:7      | Bought a ring of resist corrosion for 220 gold pieces
 17239 | D:10     | Reached skill level 5 in Transmutations
 17651 | Orc:2    | Entered Level 2 of the Orcish Mines
 17874 | Orc:2    | Noticed a two-headed ogre
 17874 | Orc:2    | Noticed a two-headed ogre
 17875 | Orc:2    | Noticed a two-headed ogre
 17876 | Orc:2    | Noticed a two-headed ogre
 17878 | Orc:2    | Noticed a two-headed ogre
 17879 | Orc:2    | Noticed an ogre mage
 17880 | Orc:2    | Noticed a two-headed ogre
 17884 | Orc:2    | Paralysed by an ogre mage for 4 turns
 17885 | Orc:2    | Killed a two-headed ogre
 17887 | Orc:2    | Killed a two-headed ogre
 17887 | Orc:2    | Killed a two-headed ogre
 17890 | Orc:2    | Noticed an ogre mage
 17891 | Orc:2    | Killed an ogre mage
 17892 | Orc:2    | Noticed a two-headed ogre
 17896 | Orc:2    | Noticed an ogre mage
 17896 | Orc:2    | Noticed a two-headed ogre
 17897 | Orc:2    | Killed a two-headed ogre
 17898 | Orc:2    | Gained mutation: You are clumsy. (Dex -2) [hidden defects]
 17898 | Orc:2    | Lost mutation: You have hidden genetic defects. [hidden
                  | defects expressed]
 17900 | Orc:2    | Killed a two-headed ogre
 17901 | Orc:2    | Reached XP level 13. HP: 94/94 MP: 10/18
 18048 | Lair:1   | Entered Level 1 of the Lair of Beasts
 18435 | Lair:1   | Reached skill level 10 in Transmutations
 18598 | D:9      | Reached ***** piety under Ashenzari
 18781 | Lair:1   | Identified the cursed orb "Tethered Water Diviner" {*Rage,
                  | Bglg, Comp} (You found it on level 9 of the Dungeon)
 19161 | Lair:2   | Found an ornate altar of the Wu Jian Council.
 19161 | Lair:2   | Found a hide-covered altar of Uskayaw.
 19553 | Lair:2   | Found a hole to the Spider Nest.
 19807 | Lair:2   | Noticed Nergalle
 19819 | Lair:2   | Killed Nergalle
 19820 | Lair:2   | Reached skill level 10 in Poison Magic
 19825 | Lair:2   | Learned a level 4 spell: Summon Lightning Spire
 19873 | Lair:2   | Found a staircase to the Shoals.
 20273 | Lair:3   | Noticed Sonja
 20284 | Lair:3   | Killed Sonja
 20285 | Lair:3   | Reached skill level 5 in Air Magic
 20476 | Lair:3   | Reached skill level 6 in Air Magic
 20572 | Lair:3   | Reached XP level 14. HP: 99/99 MP: 16/21
 20610 | Lair:3   | Learned a level 6 spell: Eringya's Noxious Bog
 20887 | Lair:3   | Reached skill level 7 in Air Magic
 22227 | Lair:4   | Noticed Nessos
 22237 | Lair:4   | Killed Nessos
 22455 | Lair:4   | Reached skill level 8 in Air Magic
 22726 | Lair:4   | Lost mutation: Your magical capacity is low. (-10% MP)
                  | [potion of mutation]
 22726 | Lair:4   | Lost mutation: You are clumsy. (Dex -2) [potion of
                  | mutation]
 22726 | Lair:4   | Gained mutation: You are frail. (-10% HP) [potion of
                  | mutation]
 22726 | Lair:4   | Gained mutation: Your magical capacity is low. (-10% MP)
                  | [potion of mutation]
 22726 | Lair:4   | Lost mutation: Your magical capacity is low. (-10% MP)
                  | [potion of mutation]
 22726 | Lair:4   | Gained mutation: Your skin blends seamlessly with your
                  | surroundings (Stealth++). [potion of mutation]
 22727 | Lair:4   | Lost mutation: Your skin blends seamlessly with your
                  | surroundings (Stealth++). [potion of mutation]
 22727 | Lair:4   | Lost mutation: You are frail. (-10% HP) [potion of
                  | mutation]
 22727 | Lair:4   | Gained mutation: You are weak. (Str -2) [potion of
                  | mutation]
 23317 | D:7      | Bought a +6 ring of dexterity for 396 gold pieces
 23656 | Lair:5   | Entered Level 5 of the Lair of Beasts
 23720 | Lair:5   | Reached skill level 5 in Dodging
 24004 | Lair:5   | Found a viscous altar of Jiyva.
 24005 | Lair:5   | Found a staircase to the Slime Pits.
 24447 | Lair:5   | Reached skill level 9 in Air Magic
 25134 | Lair:5   | Reached XP level 15. HP: 110/110 MP: 27/29
 25322 | Lair:5   | Found a large runed translucent door.
 25456 | Lair:5   | Found a large runed translucent door.
 25556 | Lair:5   | Identified the +8 spear "Huggiti" {venom, rPois}
 25939 | Orc:2    | Reached skill level 10 in Air Magic
 26232 | Orc:2    | Found Beakkad's Antique Weapon Shop.
 26232 | Orc:2    | Found Zayggal's Jewellery Shoppe.
 26233 | Orc:2    | Found Nunenkas's Antique Weapon Emporium.
 26233 | Orc:2    | Found Vocoaninn's General Store.
 26433 | Orc:2    | Found a staircase to the Elven Halls.
 26486 | Orc:2    | Noticed an orc warlord
 26506 | Orc:2    | Killed an orc warlord
 27209 | Orc:2    | Bought a +6 ring of intelligence for 540 gold pieces
 27377 | D:11     | Found a runed translucent gate.
 27378 | D:11     | Found a runed translucent gate.
 27378 | D:11     | Noticed Firecrotchwizard's ghost (journeyman DrCj)
 27380 | D:11     | Found a runed translucent gate.
 27474 | D:11     | Found a frozen archway.
 27487 | IceCv    | Entered an ice cave
 28017 | IceCv    | Learned a level 3 spell: Ignite Poison
 28237 | D:11     | Reached skill level 10 in Unarmed Combat
 28411 | D:11     | Found a large runed translucent door.
 28411 | D:11     | Found a large runed translucent door.
 28413 | D:11     | Noticed Erica
 28420 | D:11     | Killed Erica
 28491 | D:11     | Identified the +1 robe of the Moon Troll {Int+2}
 28491 | D:11     | Found the +12 pair of quick blades "Gyre" and "Gimble"
                  | {protect}
 28496 | D:11     | Found a large runed translucent door.
 28496 | D:11     | Found a large runed translucent door.
 28779 | D:11     | Reached skill level 11 in Air Magic
 28999 | D:11     | Identified the +0 cloak of Areacaap {+Inv rC- MP+9}
 29024 | D:11     | Killed Firecrotchwizard's ghost
 29226 | D:11     | Learned a level 7 spell: Storm Form
 29693 | D:12     | Reached XP level 16. HP: 120/120 MP: 28/30
 29755 | D:12     | Identified the +4 great mace "Uxuobb" {flame, rF+ rC+
                  | Str+3}
 30026 | D:12     | Found Duvuitogg's Book Boutique.
 30454 | D:13     | Identified the +0 sling "Jodac" {freeze, rCorr Stlth+}
 30872 | D:13     | Noticed Heug's ghost (journeyman GrEE)
 30888 | D:13     | Found a runed translucent gate.
 30888 | D:13     | Found a runed translucent gate.
 30888 | D:13     | Found a runed translucent gate.
 31017 | D:13     | Found a gate to the Vaults.
 31350 | D:14     | Found an ancient bone altar of Kikubaaqudgha.
 31694 | D:14     | Identified the +2 hand axe "Dragonslayer" {heavy, *Noise
                  | Will+++ Int+8}
 32144 | D:14     | Reached skill level 12 in Air Magic
 32246 | D:14     | Noticed Roxanne
 32333 | D:15     | Entered Level 15 of the Dungeon
 33184 | D:15     | Found a staircase to the Depths.
 33254 | D:15     | Learned a level 1 spell: Apportation
 33476 | D:14     | Killed Roxanne
 33594 | D:13     | Killed Heug's ghost
 34432 | D:12     | Found Duvuitogg's Book Boutique.
 34724 | D:5      | Killed JumpingJurisdiction's ghost
 34871 | Spider:1 | Entered Level 1 of the Spider Nest
 34896 | Spider:1 | Identified the +1 chain mail of Ebuico {*Corrode rPois
                  | Str+7 Int+3}
 35472 | Spider:1 | Reached XP level 17. HP: 127/127 MP: 20/33
 35562 | Spider:1 | Identified the cursed +0 buckler of the Manifest Orthodoxy
                  | {Elem, Comp} (You found it on level 5 of the Lair of
                  | Beasts)
 36284 | Spider:2 | Reached skill level 10 in Spellcasting
 36481 | Spider:2 | Reached skill level 13 in Air Magic
 38160 | Spider:4 | Entered Level 4 of the Spider Nest
 38226 | Spider:4 | Noticed Donald
 38237 | Spider:4 | Killed Donald
 38338 | Spider:4 | Reached skill level 15 in Unarmed Combat
 39128 | Spider:4 | Got a gossamer rune of Zot
 39476 | Shoals:1 | Entered Level 1 of the Shoals
 39536 | Shoals:1 | Reached XP level 18. HP: 99/137 MP: 30/35
 39736 | Shoals:1 | Found Qaelotit's Assorted Antiques.
 39740 | Shoals:1 | Noticed Jorgrun
 39769 | Shoals:1 | Killed Jorgrun
 39866 | Shoals:1 | Reached skill level 14 in Air Magic
 40145 | Shoals:1 | Found Uhiteqe's Antique Armour Boutique.
 40208 | Shoals:1 | Identified the +0 pair of gloves of Ibluluit {rPois rF- rC+
                  | Slay+2}
 40585 | Shoals:1 | Acquired 701 gold pieces
 40652 | Shoals:1 | Bought a potion of resistance for 400 gold pieces
 40652 | Shoals:1 | Bought a scroll of teleportation for 120 gold pieces
 40652 | Shoals:1 | Bought a scroll of fear for 160 gold pieces
 40670 | Shoals:2 | Noticed Polyphemus
 40732 | Shoals:2 | Noticed Louise
 40732 | Shoals:2 | Noticed Aizul
 40746 | Shoals:2 | Killed Aizul
 40747 | Shoals:2 | Killed Louise
 40871 | Shoals:2 | Killed Polyphemus
 41300 | Shoals:2 | Identified the +3 rapier of Rasker {speed, Will- Str+2
                  | Dex+4}
 41347 | Shoals:2 | Reached skill level 15 in Fighting
 41385 | Shoals:2 | Noticed Frances
 41394 | Shoals:2 | Killed Frances
 41862 | Shoals:3 | Identified the ring "Uheshoel" {Fly rC+ Str-5 Int+3}
 42021 | Shoals:3 | Reached skill level 10 in Dodging
 42858 | Shoals:4 | Entered Level 4 of the Shoals
 43139 | Shoals:4 | Reached XP level 19. HP: 56/145 MP: 19/37
 43171 | Shoals:4 | Got a barnacled rune of Zot
 43307 | Shoals:4 | Reached skill level 15 in Air Magic
 44082 | Shoals:3 | Learned a level 8 spell: Maxwell's Capacitive Coupling
 44458 | Slime:1  | Entered Level 1 of the Pits of Slime
 45462 | Slime:3  | Noticed Dissolution
 45470 | Slime:3  | Killed Dissolution
 45716 | Slime:5  | Entered Level 5 of the Pits of Slime
 45740 | Slime:5  | Reached skill level 16 in Air Magic
 45969 | Slime:5  | Reached XP level 20. HP: 149/154 MP: 13/39
 46231 | Slime:5  | Identified the +7 triple sword of Xom's Reproof {heavy,
                  | rElec Int+5 Dex-4}
 46232 | Slime:5  | Found a viscous altar of Jiyva.
 46234 | Slime:5  | Identified the Collected Works on Frostbitten Contamination
 46234 | Slime:5  | Identified the +10 flail "Impslayer" {chaos, +Blink rC-
                  | Int+4}
 46236 | Slime:5  | Identified the +1 morningstar "Meggus" {venom, Str-2 Int+8}
 46236 | Slime:5  | Identified the Codex of the Blaze and Firn
 46236 | Slime:5  | Identified the ring of Xecvi {+Blink Fly rPois rC+++ Int-5}
 46237 | Slime:5  | Identified the ring "Cikkyig" {rF+ MP+9}
 46238 | Slime:5  | Identified the +8 longbow "Bittir" {heavy, Drain rN++}
 46258 | Slime:5  | Noticed the Royal Jelly
 46477 | Slime:5  | Killed the Royal Jelly
 46695 | Slime:5  | Reached ****** piety under Ashenzari
 46753 | Slime:5  | Got a slimy rune of Zot
 46809 | Slime:5  | Identified the cursed +2 hat of Ashenzari's Comet {Cun,
                  | Self} (You found it on level 5 of the Pits of Slime)
 46943 | Slime:5  | Learned a level 5 spell: Alistair's Intoxication
 46948 | Slime:5  | Learned a level 4 spell: Airstrike
 47280 | Elf:1    | Entered Level 1 of the Elven Halls
 47704 | Elf:1    | Identified Sif Muna's Spellbook of Blasts and the Swarm
 48160 | Elf:1    | Found Hunne's Distillery.
 48165 | Elf:1    | Bought 2 potions of lignification for 84 gold pieces
 48165 | Elf:1    | Bought a potion of lignification for 42 gold pieces
 48165 | Elf:1    | Bought a potion of heal wounds for 70 gold pieces
 48165 | Elf:1    | Bought a potion of curing for 42 gold pieces
 48165 | Elf:1    | Bought a potion of mutation for 112 gold pieces
 48165 | Elf:1    | Bought a potion of attraction for 42 gold pieces
 48165 | Elf:1    | Bought a potion of mutation for 112 gold pieces
 48549 | Elf:2    | Found Seul Ine's Armour Emporium.
 48655 | Elf:2    | Reached skill level 17 in Air Magic
 48665 | Elf:2    | Found Bouq's General Store.
 48682 | Elf:2    | Bought a scroll of blinking for 112 gold pieces
 48682 | Elf:2    | Bought a scroll of fear for 60 gold pieces
 48803 | Elf:2    | Found Isun's Armour Emporium.
 48946 | Elf:2    | Found Weehess's Distillery.
 48954 | Elf:2    | Bought a potion of magic for 136 gold pieces
 48954 | Elf:2    | Bought a potion of curing for 51 gold pieces
 48954 | Elf:2    | Bought a potion of ambrosia for 136 gold pieces
 48954 | Elf:2    | Bought a potion of haste for 170 gold pieces
 48954 | Elf:2    | Bought a potion of attraction for 51 gold pieces
 48954 | Elf:2    | Bought a potion of haste for 170 gold pieces
 49059 | Elf:2    | Found a huge runed translucent gate.
 49059 | Elf:2    | Found a huge runed translucent gate.
 49063 | Elf:2    | Found a huge runed translucent gate.
 49063 | Elf:2    | Found a huge runed translucent gate.
 49063 | Elf:2    | Found a huge runed translucent gate.
 49422 | Elf:2    | Noticed Nikola
 49434 | Elf:2    | Killed Nikola
 49449 | Elf:2    | Reached XP level 21. HP: 154/164 MP: 14/41
 49690 | Elf:3    | Entered Level 3 of the Elven Halls
 49745 | Elf:3    | Found Kiunaecw's Assorted Antiques.
 49768 | Elf:3    | Bought a potion of curing for 126 gold pieces
 49768 | Elf:3    | Bought a potion of magic for 336 gold pieces
 49768 | Elf:3    | Bought a scroll of poison for 168 gold pieces
 49848 | Elf:3    | Identified the +1 leather armour of Doinli {*Slow rF+ Dex+2
                  | Stlth+}
 49855 | Elf:3    | Identified the ring of the Ancient Heavens {rN+ rCorr}
 50021 | Elf:3    | Identified the ring of Utusob {rElec rC+ Int+6}
 50131 | Elf:3    | Identified the +0 kite shield "Tops" {Contam Str+4 Int+5
                  | Stlth-}
 50134 | Elf:3    | Identified the +2 dagger of Ruetsim {flame, rCorr SInv}
 50135 | Elf:3    | Identified Gloorx Vloq's Grimoire of Ectoplasm
 50136 | Elf:3    | Identified the ring of Existentialism {rPois rCorr Dex-3
                  | SInv}
 50140 | Elf:3    | Identified the +5 short sword of Xehag {freeze, rElec rCorr
                  | Int-5 Dex+2}
 50145 | Elf:3    | Identified the +4 long sword "Suis" {drain, rF+ MP+9 Int+2
                  | Stlth-}
 50181 | Elf:3    | Identified the +4 scale mail of Gravitas {rN++ Str-5 Int+4}
 50181 | Elf:3    | Identified the +7 shortbow "Henk" {freeze, Str+3 Int+2}
 50181 | Elf:3    | Identified the +2 quarterstaff "Qaiv" {flame, rF+ Str+4
                  | Stlth+}
 50234 | Elf:3    | Upgraded the game from 0.30-a0-800-g7c544603b3 to
                  | 0.30-a0-802-gb92711bcdf
 51178 | Vaults:1 | Entered Level 1 of the Vaults
 51577 | Vaults:1 | Identified the +1 buckler of Genuuqinu {rCorr}
 51592 | Vaults:1 | Reached skill level 15 in Dodging
 52121 | Vaults:1 | Reached skill level 15 in Spellcasting
 52148 | Vaults:1 | Reached XP level 22. HP: 117/170 MP: 43/43
 53160 | Vaults:2 | Reached skill level 5 in Stealth
 53542 | Vaults:2 | Found Vubribbo's Assorted Antiques.
 53548 | Vaults:2 | Bought a potion of haste for 390 gold pieces
 53548 | Vaults:2 | Bought a potion of lignification for 117 gold pieces
 53548 | Vaults:2 | Bought a potion of attraction for 117 gold pieces
 53727 | Vaults:2 | Found a huge runed gate.
 53727 | Vaults:2 | Found a huge runed gate.
 53727 | Vaults:2 | Found a huge runed gate.
 53728 | Vaults:2 | Found a huge runed gate.
 53728 | Vaults:2 | Found a huge runed gate.
 53728 | Vaults:2 | Found a huge runed gate.
 53728 | Vaults:2 | Found a huge runed gate.
 53729 | Vaults:2 | Found a huge runed gate.
 53729 | Vaults:2 | Found a huge runed gate.
 53729 | Vaults:2 | Found a huge runed gate.
 53730 | Vaults:2 | Found a huge runed gate.
 53730 | Vaults:2 | Found a huge runed gate.
 53731 | Vaults:2 | Found a huge runed gate.
 53742 | Vaults:2 | Found a huge runed gate.
 53742 | Vaults:2 | Found a huge runed gate.
 53742 | Vaults:2 | Found a huge runed gate.
 53742 | Vaults:2 | Found a huge runed gate.
 53749 | Vaults:2 | Found a huge runed gate.
 53749 | Vaults:2 | Found a huge runed gate.
 53749 | Vaults:2 | Found a huge runed gate.
 53749 | Vaults:2 | Found a huge runed gate.
 53749 | Vaults:2 | Found a huge runed gate.
 53749 | Vaults:2 | Found a huge runed gate.
 53750 | Vaults:2 | Found a huge runed gate.
 53751 | Vaults:2 | Found a huge runed gate.
 53752 | Vaults:2 | Found a huge runed gate.
 53760 | Vaults:2 | Found a huge runed gate.
 53760 | Vaults:2 | Found a huge runed gate.
 53760 | Vaults:2 | Found a huge runed gate.
 53760 | Vaults:2 | Found a huge runed gate.
 53760 | Vaults:2 | Found a huge runed gate.
 53760 | Vaults:2 | Found a huge runed gate.
 53761 | Vaults:2 | Found a huge runed gate.
 53771 | Vaults:2 | Found a huge runed gate.
 53772 | Vaults:2 | Found a huge runed gate.
 53780 | Vaults:2 | Found a huge runed gate.
 54625 | Vaults:3 | Identified the +1 leather armour of Segoqoa {Stlth+}
 54775 | Vaults:3 | Found Urai's Magic Scroll Shop.
 54784 | Vaults:3 | Bought a scroll of fear for 56 gold pieces
 54784 | Vaults:3 | Bought a scroll of teleportation for 42 gold pieces
 54784 | Vaults:3 | Bought a scroll of poison for 56 gold pieces
 54965 | Vaults:3 | Reached skill level 18 in Air Magic
 55020 | Vaults:3 | Reached XP level 23. HP: 177/177 MP: 45/45
 55049 | Vaults:3 | Found a staircase to the Crypt.
 55978 | D:12     | Bought Maxwell's Memoranda for 570 gold pieces
 55982 | D:12     | Learned a level 3 spell: Vhi's Electric Charge
 55986 | D:12     | Learned a level 3 spell: Swiftness
 56264 | Vaults:4 | Reached skill level 1 in Translocations
 56295 | Vaults:4 | Reached skill level 10 in Evocations
 56990 | Vaults:4 | Found Luceef's Book Shop.
 57387 | Vaults:5 | Entered Level 5 of the Vaults
 57402 | Vaults:5 | Noticed a golden dragon
 57409 | Vaults:5 | Killed a golden dragon
 57580 | Vaults:5 | Identified the +9 plate armour of Lisu {Will+}
 57672 | Vaults:5 | Noticed a golden dragon
 57682 | Vaults:5 | Killed a golden dragon
 57683 | Vaults:5 | Reached XP level 24. HP: 172/184 MP: 44/46
 57731 | Vaults:5 | Identified Mecs's Disquisition on the Congregated Arsonist
 58054 | Vaults:5 | Identified the +0 quarterstaff of Ytetut {venom, +Blink}
 58150 | Vaults:5 | Noticed a dread lich
 58154 | Vaults:5 | Killed a dread lich
 58258 | Vaults:5 | Identified the ring of Uziweb {rC+ Str-5 Dex+4 Slay+2}
 58359 | Vaults:5 | Reached skill level 19 in Air Magic
 58991 | Vaults:5 | Identified Sotu's Codex of Lamentation and the Commander
 59002 | Vaults:5 | Got a silver rune of Zot
 59312 | Depths:1 | Entered Level 1 of the Depths
 59641 | Depths:1 | Found a one-way gate to the infinite horrors of the Abyss.
 59765 | Depths:1 | Identified the ring of False Hope {*Slow rElec Int+3 Slay+4
                  | Stlth+}
 59991 | Depths:1 | Found a stormy altar of Qazlal.
 60541 | Depths:1 | Found a gateway to Hell.
 60599 | Hell     | Entered the Vestibule of Hell
 60599 | Hell     | Noticed Geryon
 60610 | Hell     | Killed Geryon
 60624 | Hell     | Gained mutation: You occasionally lose the ability to read
                  | scrolls when taking damage. [a cacodemon]
 60663 | Hell     | Noticed an ancient lich
 60672 | Hell     | Killed an ancient lich
 60702 | Hell     | Found a gateway to the decaying netherworld of Tartarus.
 60863 | Hell     | Found a gateway to the ashen valley of Gehenna.
 60987 | Hell     | Found a gateway to the freezing wastes of Cocytus.
 60989 | Hell     | Reached XP level 25. HP: 192/192 MP: 45/46
 61058 | Hell     | Found a gateway to the Iron City of Dis.
 61273 | Depths:2 | Identified the +5 whip of Guile {vamp, rElec rF++}
 61458 | Depths:2 | Found Gozag's Antique Armour Emporium.
 61467 | Depths:2 | Found an opulent altar of Gozag.
 61470 | Depths:2 | Found Gozag's Assorted Antiques.
 61486 | Depths:2 | Found Gozag's Assorted Antiques.
 61894 | Depths:2 | Found a one-way gate leading to the halls of Pandemonium.
 62007 | Depths:2 | Bought a scroll of immolation for 400 gold pieces
 62007 | Depths:2 | Bought a scroll of blinking for 750 gold pieces
 62796 | Depths:3 | Reached skill level 20 in Air Magic
 62867 | Depths:3 | Identified the Enchiridion on the Squall
 63071 | Depths:3 | Noticed Vv
 63110 | Depths:3 | Killed Vv
 63111 | Depths:3 | Noticed a juggernaut
 63205 | Depths:3 | Killed a juggernaut
 63386 | Depths:3 | Found a runed translucent door.
 63386 | Depths:3 | Noticed Qavia's ghost (adept DsFi)
 63414 | Depths:3 | Reached skill level 15 in Transmutations
 63641 | Depths:3 | Reached XP level 26. HP: 199/199 MP: 47/47
 64073 | Depths:4 | Entered Level 4 of the Depths
 64238 | Depths:4 | Found a one-way gateway to a ziggurat.
 64245 | Depths:4 | Identified the +8 whip "Liroam" {elec, Dex+3}
 64326 | Depths:4 | Found a broken altar of Ashenzari.
 64639 | Depths:4 | Found a gate to the Realm of Zot.
 65189 | Depths:4 | Noticed a juggernaut
 65190 | Depths:4 | Killed a juggernaut
 65760 | Depths:4 | Found a one-way gateway to a ziggurat.
 65772 | Depths:4 | Reached skill level 21 in Air Magic
 66215 | Depths:4 | Found a broken altar of Ashenzari.
 66359 | Depths:4 | Found a gate to the Realm of Zot.
 66506 | Zot:1    | Entered Level 1 of the Realm of Zot
 66512 | Zot:1    | Noticed an orb of fire
 66526 | Zot:1    | Killed an orb of fire
 67327 | Zot:2    | Killed an orb of fire
 67441 | Zot:2    | Reached XP level 27. HP: 207/207 MP: 45/48
 67957 | Zot:2    | Noticed an orb of fire
 68068 | Zot:2    | Gained mutation: You possess an exceptional clarity of
                  | mind. [an orb of fire]
 68070 | Zot:2    | Killed an orb of fire
 68569 | Zot:2    | Noticed an orb of fire
 68669 | Zot:2    | Identified the +6 hand axe of Qeeteam {speed, Int+3}
 68852 | Zot:2    | Lost mutation: You occasionally lose the ability to read
                  | scrolls when taking damage. [potion of mutation]
 68852 | Zot:2    | Lost mutation: You possess an exceptional clarity of mind.
                  | [potion of mutation]
 68852 | Zot:2    | Lost mutation: You are weak. (Str -2) [potion of mutation]
 68852 | Zot:2    | Gained mutation: You have hidden genetic potential. [potion
                  | of mutation]
 68852 | Zot:2    | Gained mutation: One of your tentacles bears a spike.
                  | [potion of mutation]
 69054 | Zot:3    | Identified the amulet "Talacoel" {Acrobat Contam Dex+2
                  | Stlth+}
 69055 | Zot:3    | Found a transporter.
 69055 | Zot:3    | Found the +8 longbow "Zephyr" {speed, Dex+3 SInv}
 69055 | Zot:3    | Identified the +5 great sword "Setruicar" {protect, Drain
                  | +Blink rF+++ rC-}
 69056 | Zot:3    | Identified the ring "Ankesapp" {rF+ rN+ Will+}
 69663 | Zot:3    | Found a transporter.
 69931 | Zot:3    | Reached skill level 22 in Air Magic
 71274 | Zot:5    | Entered Level 5 of the Realm of Zot
 71285 | Zot:5    | Found a huge runed gate.
 71285 | Zot:5    | Found a huge runed gate.
 71285 | Zot:5    | Found a huge runed gate.
 71285 | Zot:5    | Found a huge runed gate.
 71285 | Zot:5    | Found a huge runed gate.
 71285 | Zot:5    | Found a huge runed gate.
 71285 | Zot:5    | Found a huge runed gate.
 71288 | Zot:5    | Found a huge runed gate.
 71288 | Zot:5    | Found a huge runed gate.
 71288 | Zot:5    | Found a huge runed gate.
 71326 | Zot:5    | Found a huge runed gate.
 71326 | Zot:5    | Found a huge runed gate.
 71326 | Zot:5    | Found a huge runed gate.
 71326 | Zot:5    | Found a huge runed gate.
 71326 | Zot:5    | Found a huge runed gate.
 71326 | Zot:5    | Found a huge runed gate.
 71327 | Zot:5    | Found a huge runed gate.
 71328 | Zot:5    | Found a huge runed gate.
 71353 | Zot:5    | Found a huge runed gate.
 71356 | Zot:5    | Found a huge runed gate.
 71357 | Zot:5    | Found a huge runed gate.
 71542 | Zot:5    | Found a huge runed gate.
 71542 | Zot:5    | Found a huge runed gate.
 71542 | Zot:5    | Found a huge runed gate.
 71542 | Zot:5    | Found a huge runed gate.
 71542 | Zot:5    | Found a huge runed gate.
 71544 | Zot:5    | Found a huge runed gate.
 71544 | Zot:5    | Found a huge runed gate.
 71545 | Zot:5    | Found a huge runed gate.
 71546 | Zot:5    | Found a huge runed gate.
 71556 | Zot:5    | Found a huge runed gate.
 71556 | Zot:5    | Found a huge runed gate.
 71556 | Zot:5    | Found a huge runed gate.
 71556 | Zot:5    | Found a huge runed gate.
 71556 | Zot:5    | Found a huge runed gate.
 71557 | Zot:5    | Found a huge runed gate.
 71747 | Zot:5    | Gained mutation: Your muscles are strong. (Str +4, Int/Dex
                  | -1) [hidden potential]
 71834 | Zot:5    | Noticed a dread lich
 71843 | Zot:5    | Killed a dread lich
 71880 | Zot:5    | Noticed an orb of fire
 71887 | Zot:5    | Gained mutation: You sometimes lose your temper in combat.
                  | [an orb of fire]
 71892 | Zot:5    | Killed an orb of fire
 72091 | Zot:5    | Reached skill level 23 in Air Magic
 72308 | Zot:5    | Noticed an orb of fire
 72317 | Zot:5    | Noticed an ancient lich
 72318 | Zot:5    | Killed an orb of fire
 72318 | Zot:5    | Noticed an orb of fire
 72319 | Zot:5    | Noticed an orb of fire
 72320 | Zot:5    | Gained mutation: You are dopey. (Int -2) [an orb of fire]
 72325 | Zot:5    | Noticed an orb of fire
 72333 | Zot:5    | Killed an orb of fire
 72334 | Zot:5    | Killed an orb of fire
 72336 | Zot:5    | Killed an ancient lich
 72342 | Zot:5    | Killed an orb of fire
 72343 | Zot:5    | Noticed an ancient lich
 72344 | Zot:5    | Noticed a dread lich
 72346 | Zot:5    | Killed an ancient lich
 72357 | Zot:5    | Killed a dread lich
 72644 | Zot:5    | Noticed an ancient lich
 72644 | Zot:5    | Noticed an ancient lich
 72644 | Zot:5    | Noticed an ancient lich
 72644 | Zot:5    | Noticed a dread lich
 72644 | Zot:5    | Noticed an orb of fire
 72644 | Zot:5    | Noticed a dread lich
 72645 | Zot:5    | Noticed a dread lich
 72645 | Zot:5    | Gained mutation: Your body sometimes deteriorates upon
                  | taking damage. [an orb of fire]
 72650 | Zot:5    | Killed a dread lich
 72657 | Zot:5    | Killed a dread lich
 72760 | Zot:5    | Killed an ancient lich
 72810 | Zot:5    | Killed an ancient lich
 72842 | Zot:5    | Killed an orb of fire
 72860 | Zot:5    | Killed an ancient lich
 72860 | Zot:5    | Gained mutation: Your spells are a little harder to cast,
                  | but a little more powerful. [hidden potential]
 72860 | Zot:5    | Lost mutation: You have hidden genetic potential. [hidden
                  | potential expressed]
 73214 | Zot:5    | Killed a dread lich
 73580 | Zot:5    | Got the Orb of Zot
 74037 | D:13     | Noticed Inlaup the pandemonium lord
 74051 | D:13     | Killed Inlaup the pandemonium lord
 74210 | D:6      | Noticed Seivirro the pandemonium lord
 74357 | D:$      | Escaped with the Orb!

Illustrated notes

Levels and vault maps discovered:
D:1:      sevenhm_arrival_forest_fort_small_3, layout_rooms,
          minmay_misc_feat_cross, minmay_tripent
D:2:      layout_rooms, ebering_ecumenical_altar_rust, uniq_natasha, uniq_robin
D:3:      minmay_diamond_boxcup, layout_basic
D:4:      layout_rooms, nicolae_overflow_crystal_walls
D:5:      layout_basic, general_overflow_altar, ebering_ghost_rock_garden
D:6:      layout_rooms, nicolae_hepliaklqana_ecumenical_no_more,
          corexii_leaking_fountain, amcnicky_mini_rare_corridor_liquid
D:7:      layout_basic, mainiacjoe_overflow_small_starburst, temple_green,
          serial_shops, nicolae_shop_hallway_stairs
D:8:      layout_basic, serial_shops, nicolae_shop_bloodbath_and_beyond,
          minmay_fire_ice_demons, uniq_amaemon, uniq_grum, uniq_psyche,
          uniq_maggie
D:9:      minmay_bloctagon_deflated, layout_small_grid, dpeg_oklobed_lair
D:10:     layout_cave_pods, orc_0_dummy
D:11:     cheibrodos_grave_circle, layout_loops_ring,
          portal_ice_cave_demonic_guard, biasface_ghost_orc_armoury,
          corexii_corridor_pit, minmay_hollow_rounded_squares, uniq_erica
D:12:     layout_loops_ring, serial_shops, kennysheep_little_box, special_room
          [special_room_bee], minivault_16, chequers_serial_rivers_micro_e,
          st_stairs_10
D:13:     layout_roguey, ximxim_vaults_locker_room,
          maelrawn_ghost_gauntlet_escape
D:14:     layout_roguey, kiku_gazebo_garden_becter, uniq_roxanne
D:15:     gammafunk_enter_depths_forms, layout_irregular_city,
          chequers_serial_rivers_room_a
Temple:   regret_index_temple_chain_breaker
Lair:1:   layout_loops_ring, beast_lair_carwin_10
Lair:2:   layout_gridlike, elwin_shoals_entry_rocks,
          nicolae_spider_entry_lesser_pyramids, nzn_masters_of_martial_movement,
          uniq_nergalle
Lair:3:   regret_index_combs_of_tragedy, layout_misc_corridors, minivault_23,
          uniq_sonja
Lair:4:   layout_layer_cave, beast_lair_carwin_3, lemuel_fruit_tree,
          lemuel_fruit_fields, uniq_nessos
Lair:5:   cheibrodos_lair_end_hotspot, layout_layer_cave, slime_entry_1,
          grunt_forest_small_clearings
Shoals:1: layout_shoals, serial_shops, nicolae_shop_competitors_out_of_business,
          nicolae_shoals_c_island, uniq_jorgrun
Shoals:2: layout_shoals, nicolae_shoals_gull_way, uniq_frances, uniq_louise,
          uniq_polyphemus, uniq_aizul
Shoals:3: layout_shoals, nicolae_shoals_square_sea_wall,
          nicolae_shoals_goliath_grotto
Shoals:4: shoals_end_grunt_garden, layout_shoals,
          nicolae_shoals_pincushion_passage
Spider:1: layout_cave_pods, hangedman_spider_mandibles
Spider:2: layout_spider_delve, hangedman_spider_tarantella_strand
Spider:3: layout_chambers
Spider:4: spider_rune_water, drop_trap, uniq_donald
Slime:1:  layout_caves, nicolae_slime_getting_an_eyeful
Slime:2:  layout_caves, cheibrodos_slime_lost_civilization_7
Slime:3:  layout_caves, dissolution_awaits
Slime:4:  cheibrodos_slime_lost_civilization_10, layout_caves
Slime:5
Orc:1:    layout_caves
Orc:2:    st_orc_ogre_mass, layout_caves
Elf:1:    layout_loops_ring, serial_shops, nicolae_shop_hallway_plus,
          minmay_elf_sorcery
Elf:2:    elven_hall_of_blades_hangedman_alternative
          [nicolae_blade_entry_area_security], layout_gridlike, serial_shops,
          nicolae_lakefront_shop, shop, shop, shop, corexii_hall_statues_x,
          uniq_nikola
Elf:3:    grunt_elf_hall_asides, layout_onion_city, serial_shops,
          nicolae_shop_overgrown_old_shop
Vaults:1: st_spiral_rooms, hangedman_vaults_hat, nicolae_vaults_triangles,
          v_alt_pattern_6, ontoclasm_vaults_ring_large, v_alt_pattern_6,
          grunt_vaults_funnel, vaults_mumra_hex, ontoclasm_vaults_hangar,
          vaults_room_grid, layout_vaults_big_cross
Vaults:2: v_misc_31, hangedman_vaults_cutoff, not_door_vault_mu, v_misc_19,
          v_misc_25, nicolae_vaults_little_squares_1,
          vaults_dpeg_emergency_exit, dpeg_vaults_monster_box,
          vaults_dpeg_hooks, nicolae_vaults_sealed_display, vaults_room_pools,
          layout_vaults_chaotic_city, serial_shops, shop
Vaults:3: nicolae_vaults_twisting_passages, hangedman_vaults_pinch,
          vaults_standard_mumra_lines, nicolae_vaults_circle_grid_a,
          v_pattern_1, minmay_crypt_entry_skeletal_spiral,
          vaults_room_fancy_cross, nicolae_vaults_octagons, v_misc_12,
          vaults_mumra_chevron, layout_vaults_omnigrid, serial_shops, shop
Vaults:4: grunt_vaults_twisty, hangedman_vaults_slither,
          nicolae_vaults_yaktaur_gun_rack, v_pattern_4, hangedman_vaults_locks,
          v_misc_14, hangedman_vaults_capsules, layout_vaults_ring,
          serial_shops, shop
Vaults:5
Depths:1: layout_honeycomb, chequers_serial_rivers_large_a, hell_entry,
          abyss_entry, nicolae_qazlal_scattered_showers
Depths:2: kennysheep_gozag_temple, layout_basic, rand_demon_pan_entry_1,
          hell_entry, kennysheep_pointless_box, chequers_decorated_corner,
          nrook_mini_vaults, grunt_ministairs_5
Depths:3: minmay_four_inscribed_fans, layout_twisted_cross,
          gammafunk_ghost_grave, nicolae_abyss_entry_one_way_or_another,
          grunt_hell_horde, infiniplex_staircase_river, st_stairs_1, uniq_vv
Depths:4: lemuel_castle_with_subvaults [lemuel_castle_interior_carwin_2],
          layout_gridlike, enter_ziggurat_b, hell_entry, ashenzari_altar_1,
          hangedman_decor_cross_pass
Hell
Zot:1:    layout_misc_corridors
Zot:2:    hangedman_zot_vaults_quadrants, layout_onion, nrook_zot_tub,
          uniq_grunn
Zot:3:    gammafunk_its_a_trap, layout_misc_corridors, amethyst_zot_foddershock
Zot:4:    layout_onion, zot_minivault_4, grunt_megastairs_3
Zot:5:    layout_cathedral_of_symmetry, door_vault

Skill      XL: |  1  2  3  4  5  6  7  8  9 10 11 12 13 14 15 16 17 18 19 20 21 22 23 24 25 26 27 |
---------------+----------------------------------------------------------------------------------+-----
Evocations     | 4 5 8 9 11 13 | 13.0
Unarmed Combat | 1 2 3 4 6 8 11 13 15 17 | 17.8
Poison Magic   | 1 3 4 5 10 12 | 12.0
Conjurations   | 2 3 |  3.0
Air Magic      | 2 3 4 6 9 11 12 13 14 16 17 18 19 20 21 23 | 23.8
Spellcasting   | 2 3 5 6 7 8 9 11 12 13 15 16 17 18 19 20 | 20.2
Ice Magic      | 4 6 8 |  8.8
Stealth        | 3 8 9 |  9.9
Fighting       | 4 5 10 12 13 14 15 16 17 18 19 21 | 21.0
Dodging        | 3 4 7 8 10 12 13 15 16 17 18 19 20 21 | 21.2
Transmutations | 8 10 12 13 15 16 19 | 19.8
Translocations | 2 |  2.1

Action                     |  1- 3 |  4- 6 |  7- 9 | 10-12 | 13-15 | 16-18 | 19-21 | 22-24 | 25-27 || total
---------------------------+-------+-------+-------+-------+-------+-------+-------+-------+-------++-------
  Melee: Club              |    42 |       |       |       |       |       |       |       |       ||    42
         Constrict         |    14 |    34 |    43 |    34 |     9 |     5 |     4 |     6 |     2 ||   151
         Tentacles         |    13 |    20 |    56 |    32 |    14 |    11 |     3 |     2 |    13 ||   164
         Punch             |     1 |     3 |    12 |    12 |     8 |    84 |   107 |   157 |   235 ||   619
         Unarmed           |    34 |    12 |       |   148 |   953 |   827 |   724 |   812 |  1171 ||  4681
         Dagger            |       |   124 |   206 |   144 |    43 |    43 |    11 |    18 |    24 ||   613
         Kick              |       |       |       |       |       |       |       |       |    11 ||    11
   Cast: Poisonous Vapours |       |     6 |    52 |    32 |     2 |       |     1 |       |       ||    93
         Mephitic Cloud    |       |       |     6 |    34 |    33 |    10 |     9 |       |       ||    92
         Cigotuvi's Dreadf |       |       |     1 |       |       |       |       |       |       ||     1
         Hailstorm         |       |       |     1 |     2 |     8 |       |     3 |       |       ||    14
         Ice Form          |       |       |       |    19 |    73 |    25 |     1 |       |       ||   118
         Summon Lightning  |       |       |       |       |     7 |       |     1 |       |       ||     8
         Eringya's Noxious |       |       |       |       |    24 |    31 |    29 |     5 |     5 ||    94
         Ignite Poison     |       |       |       |       |     5 |     5 |     6 |     1 |     2 ||    19
         Storm Form        |       |       |       |       |       |    61 |    59 |    53 |    82 ||   255
         Airstrike         |       |       |       |       |       |       |    19 |       |    12 ||    31
         Maxwell's Capacit |       |       |       |       |       |       |     2 |       |       ||     2
         Vhi's Electric Ch |       |       |       |       |       |       |       |   113 |   206 ||   319
         Swiftness         |       |       |       |       |       |       |       |       |     3 ||     3
 Invoke: Curse Item        |       |       |     4 |     4 |     5 |     1 |     1 |     3 |     1 ||    19
         Shatter the Chain |       |       |       |       |     2 |     1 |     1 |     2 |     1 ||     7
Ability: End Transformatio |       |       |       |       |     2 |     1 |       |       |       ||     3
         Blinkbolt         |       |       |       |       |       |    23 |    18 |     1 |     6 ||    48
  Evoke: Wand              |     7 |    20 |     5 |    10 |     2 |       |       |     1 |     3 ||    48
         Tin of tremorston |       |       |       |       |       |       |     2 |       |     6 ||     8
         Condenser vane    |       |       |       |       |       |       |     3 |       |     9 ||    12
         Horn of Geryon    |       |       |       |       |       |       |       |       |     1 ||     1
         Phial of floods   |       |       |       |       |       |       |       |       |     1 ||     1
    Use: Scroll            |       |     1 |       |     4 |     2 |     2 |     5 |     1 |    11 ||    26
         Potion            |       |       |       |     2 |     5 |       |     1 |     1 |    19 ||    28
   Stab: Sleeping          |     5 |    14 |    11 |     2 |    16 |    14 |     3 |    14 |     6 ||    85
         Confused          |       |       |     4 |    14 |    31 |     9 |     8 |       |       ||    66
         Distracted        |       |       |       |       |     2 |     3 |     1 |     3 |     1 ||    10
         Paralysed         |       |       |       |       |     1 |       |       |       |       ||     1
 Armour: Skin              |     8 |    10 |    10 |    52 |   316 |   174 |    73 |   120 |   227 ||   990
  Dodge: Dodged            |    53 |    83 |   129 |   180 |   713 |   811 |   570 |   842 |  1587 ||  4968
  Block: Buckler           |       |       |       |       |       |       |     3 |     1 |     5 ||     9

Table legend: (Time is in decaauts)
 A = Elapsed time spent in this place.
 B = Non-inter-level travel time spent in this place.
 C = Inter-level travel time spent in this place.
 D = Time resting spent in this place.
 E = Time spent auto-exploring this place.
 F = Levels seen in this place.
 G = Mean time per level.
                   A        B        C        D        E       F      G
               +--------+--------+--------+--------+--------+-----+--------+
         Total |  72880 |  65864 |   7016 |   4611 |  47586 |  55 | 1325.1 |
       Dungeon |  25684 |  22076 |   3608 |   1975 |  15633 |  15 | 1712.3 |
        Temple |    143 |    128 |     15 |      0 |    111 |   1 |  143.0 |
          Lair |   7740 |   6760 |    980 |    204 |   5224 |   5 | 1548.0 |
        Shoals |   4555 |   4301 |    254 |    118 |   3272 |   4 | 1138.8 |
   Spider Nest |   4463 |   4204 |    259 |    191 |   3087 |   4 | 1115.8 |
    Slime Pits |   2503 |   2435 |     68 |    493 |   1135 |   5 |  500.6 |
  Orcish Mines |   1903 |   1608 |    295 |    194 |   1056 |   2 |  951.5 |
   Elven Halls |   3589 |   3488 |    101 |      2 |   2708 |   3 | 1196.3 |
        Vaults |   7480 |   6850 |    630 |    149 |   5376 |   5 | 1496.0 |
        Depths |   6523 |   6248 |    275 |    204 |   5058 |   4 | 1630.8 |
          Hell |    623 |    605 |     18 |      0 |    458 |   1 |  623.0 |
           Zot |   6984 |   6476 |    508 |   1044 |   4153 |   5 | 1396.8 |
      Ice Cave |    686 |    686 |      0 |     37 |    314 |   1 |  686.0 |
               +--------+--------+--------+--------+--------+-----+--------+

Top non-repeatable levels by time:
     D:7: 2956 daAuts
     D:5: 2769 daAuts
Depths:4: 2439 daAuts
  Lair:5: 2306 daAuts
   Zot:5: 2250 daAuts
     D:8: 2115 daAuts
    D:12: 2090 daAuts
     D:9: 1957 daAuts
     D:2: 1941 daAuts
     D:6: 1883 daAuts
     D:3: 1766 daAuts
  Lair:3: 1656 daAuts
   Zot:2: 1584 daAuts
Vaults:3: 1583 daAuts
    D:10: 1579 daAuts
